 Dungeon Crawl Stone Soup version 0.28.0 (webtiles) character file.

Game seed: 12910633715339223182

14009 15bullets the Thaumaturge (level 12, -5/88 HPs)
             Began as a Barachi Fire Elementalist on Feb 16, 2022.
             Was a Believer of Vehumet.
             Killed from afar by a gargoyle (18 damage)
             ... with a stone arrow
             ... on level 11 of the Dungeon.
             The game lasted 00:56:36 (15733 turns).

15bullets the Thaumaturge (BaFE)                   Turns: 15733, Time: 00:56:37

Health: -5/88      AC:  7    Str: 10    XL:     12   Next: 12%
Magic:  27/37      EV: 12    Int: 25    God:    Vehumet [**....]
Gold:   332        SH:  0    Dex: 14    Spells: 23/36 levels left

rFire   + . .      SeeInvis .   J - staff of conjuration
rCold   + + .      Faith    .   o - +0 buckler
rNeg    . . .      Spirit   .   d - +2 robe {rF+}
rPois   .          Reflect  .   (no helmet)
rElec   .          Harm     .   G - +0 cloak
rCorr   .          Rampage  .   E - +1 pair of gloves
Will    .....                   (no boots)
Stlth   +.........              (no amulet)
HPRegen 0.24/turn               s - ring "Huimaluc" {rC++ MP+9 Slay-6}
MPRegen 0.25/turn               f - +6 ring of intelligence

@: confused, about to teleport, ambrosia-drunk, unable to hop, slow
A: amphibious, slowness 1, strong legs 1, +LOS
a: Hop, Renounce Religion


You were on level 11 of the Dungeon.
You worshipped Vehumet.
Vehumet was pleased with you.
You visited 2 branches of the dungeon, and saw 13 of its levels.
You also visited: Sewer.

You collected 770 gold pieces.
You spent 438 gold pieces at shops.

Inventory:

Hand Weapons
 i - a +5 dagger of venom
Missiles
 a - 3 javelins
 j - 8 poisoned darts
 M - 3 throwing nets
Armour
 d - a +2 robe of fire resistance (worn)
 o - a +0 buckler (worn)
 E - a +1 pair of gloves (worn)
 G - a +0 cloak (worn)
 Q - +0 steam dragon scales
Magical Staves
 r - a staff of death
 y - a staff of cold
 J - a staff of conjuration (weapon)
Jewellery
 f - a +6 ring of intelligence (right hand)
 q - a ring of resist corrosion
 s - the ring "Huimaluc" (left hand) {rC++ MP+9 Slay-6}
   (You took it off Harold on level 11 of the Dungeon)

   [ring of magical power]

   Slay:      It affects your accuracy & damage with ranged weapons and melee
   (-6).
   rC:        It greatly protects you from cold.
   MP:        It affects your magic capacity (+9).
 K - a ring of flight
 N - a ring of protection from fire
Wands
 t - a wand of paralysis (7)
 C - a wand of acid (9)
 H - a wand of digging (8)
 L - a wand of polymorph (4)
 R - a wand of flame (13)
Scrolls
 c - a scroll of enchant weapon {unknown}
 e - 3 scrolls of vulnerability
 g - 2 scrolls of teleportation
 l - a scroll of enchant armour
 p - 2 scrolls of fog
 u - a scroll of immolation
 D - a scroll of amnesia
 F - a scroll of noise {unknown}
 P - a scroll of blinking {unknown}
 S - a scroll of brand weapon {unknown}
Potions
 b - a potion of flight {unknown}
 h - 3 potions of haste
 m - 2 potions of might
 n - a potion of ambrosia
 v - a potion of lignification
 w - 3 potions of magic
 x - 3 potions of curing
 z - a potion of cancellation {unknown}
 A - 2 potions of attraction {unknown}
 B - 2 potions of mutation {unknown}
 I - 2 potions of invisibility {unknown}
 O - a potion of berserk rage {unknown}


   Skills:
 - Level 6.0 Fighting
 - Level 2.2 Dodging
 - Level 2.0 Stealth
 - Level 2.0 Shields
 + Level 12.9 Spellcasting
 - Level 10.0 Conjurations
 * Level 10.7 Fire Magic
 - Level 2.0 Air Magic
 - Level 3.0 Poison Magic


You had 23 spell levels left.
You knew the following spells:

 Your Spells              Type           Power      Damage    Failure   Level
a - Foxfire               Conj/Fire      100%       2x1d9     1%          1
b - Magic Dart            Conj           100%       1d8       1%          1
c - Scorch                Fire           100%       2d10      1%          2
d - Mephitic Cloud        Conj/Pois/Air  57%        N/A       1%          3
e - Flame Wave            Conj/Fire      80%        2d14      1%          4
f - Poisonous Vapours     Pois/Air       56%        N/A       2%          2

Your spell library contained the following spells:

 Spells                   Type           Power      Damage    Failure   Level
 Frozen Ramparts          Ice            32%        1d5       14%         3
 Conjure Flame            Conj/Fire      80%        6-21      1%          3
 Inner Flame              Hex/Fire       43%        N/A       1%          3
 Corpse Rot               Necr/Air       42%        N/A       4%          2
 Hailstorm                Conj/Ice       57%        3d12      6%          4
 Call Imp                 Summ           16%        N/A       8%          2
 Tukima's Dance           Hex            16%        N/A       14%         3
 Anguish                  Hex/Necr       8%         N/A       43%         4
 Ice Form                 Ice/Tmut       16%        N/A       43%         4
 Simulacrum               Ice/Necr       8%         N/A       100%        6
 Enfeeble                 Hex            8%         N/A       100%        7


Dungeon Overview and Level Annotations

Branches:
Dungeon (12/15)            Temple (1/1) D:7            Lair (0/6) D:11
    Orc (0/2) D:9           Sewer (visited)

Altars:
Ashenzari
Cheibriados
Dithmenos
Elyvilon
Fedhas
Gozag
Hepliaklqana
Kikubaaqudgha
Makhleb
Nemelex Xobeh
Okawaru
Qazlal
Ru
Sif Muna
Trog
Uskayaw
Vehumet
Wu Jian
Xom
Yredelemnul
Zin
The Shining One
Beogh

Shops:
D:1 (   D:4 *   D:10 =

Annotations:
D:8 exclusion: two-headed ogre
D:9 Joseph


Innate Abilities, Weirdness & Mutations

You are amphibious.
You cover ground slowly.
You can hop short distances.
You have an extended range of vision and can be seen from far away.


Message History

You block the boulder beetle's attack.
Casting: Scorch (safe; 1% risk of failure)
Press: ? - help, Q - select action, (/) - cycle Dir - look around, f - activate Flames lash the cyclops.
The cyclops is moderately wounded.
The cyclops's fire resistance burns away.
The cyclops is engulfed in noxious fumes.
The boulder beetle bites you but does no damage.
Casting: Scorch (safe; 1% risk of failure)
Press: ? - help, Q - select action, (/) - cycle Dir - look around, f - activate Flames lash the boulder beetle but do no damage.
The cyclops is engulfed in noxious fumes.
A gargoyle opens the door.
The boulder beetle barely misses you.
Found a pink potion.
Hop to where?
Press: ? - help, Dir - move target Boing!
The boulder beetle leaps!
The cyclops is engulfed in noxious fumes.
The gargoyle hurls a stone arrow at you.
The stone arrow hits you!!
* * * LOW HITPOINT WARNING * * *
There is a stone staircase leading up, spattered with blood here.
The cyclops is no longer more vulnerable to fire.
The gargoyle hurls a stone arrow at you.
The stone arrow misses you. The cyclops closely misses you.
You climb upwards.
There is a stone staircase leading down here.
As you read the scroll of fear, it crumbles to dust.
You assume a fearsome visage.
The gargoyle is unaffected.
The cyclops looks frightened!
The gargoyle hurls a stone arrow at you.
The stone arrow hits you.
* * * LOW HITPOINT WARNING * * *
As you read the scroll of teleportation, it crumbles to dust.
You feel strangely unstable. The gargoyle closely misses you.
You are confused.
You feel invigorated.
The gargoyle hurls a stone arrow at you.
The stone arrow hits you!!
You die...

#............# # #.#####.###### #
#.# #.# # ##########.# #.# #
...........# #.# # ############
#<# # #.# # #9# #
################@################
........)[........C..............
..........######.#######.########
######.##.######.# ###.# #
#.##........#####...## #
#.##.####.#....##.#..##
#.........#.##........#
#..####.....#....####.#
#....####......####...#


You could see a cyclops (fleeing) and a gargoyle.

Vanquished Creatures
  Snorg (D:11)
  A boulder beetle (D:11)
  Harold (D:11)
  2 two-headed ogres (D:9)
  A cyclops (D:11)
  Maurice (D:11)
  A komodo dragon (D:11)
  A troll (D:11)
  A wraith (D:10)
  Eustachio (D:4)
  29 yaks
  3 wyverns
  2 basilisks (D:11)
  2 steam dragons
  2 water moccasins
  An acid dragon (D:11)
  Pargi (Sewer)
  A black bear (D:6)
  5 orc warriors (D:9)
  2 sky beasts (D:7)
  An ogre (D:5)
  A necrophage (D:7)
  3 centaurs
  A phantom (D:5)
  A bullfrog (D:3)
  A wyvern zombie (D:7)
  2 scorpions (D:5)
  2 wyvern skeletons
  2 water moccasin skeletons
  6 killer bees (D:9)
  6 wights
  A howler monkey (D:9)
  7 orc priests
  4 centaur zombies
  4 hounds
  A bullfrog skeleton (D:6)
  A scorpion zombie (D:5)
  Jessica (D:2)
  Ijyb (D:5)
  4 iguanas
  8 orc wizards
  A killer bee zombie (D:8)
  2 howler monkey zombies
  12 adders
  A river rat (D:5)
  2 white imps
  2 worms
  5 dart slugs
  44 orcs
  5 endoplasms
  A giant cockroach (D:4)
  7 goblins
  10 hobgoblins
  2 jackals (D:4)
  7 kobolds
  5 quokkas
  8 ball pythons
  6 bats
  3 frilled lizards
  6 rats
246 creatures vanquished.

Vanquished Creatures (others)
  820 foxfires
820 creatures vanquished.

Grand Total: 1066 creatures vanquished

Notes
Turn   | Place    | Note
-------+----------+-------------------------------------------
     0 | D:1      | 15bullets the Barachi Fire Elementalist began the quest for
                  | the Orb.
     0 | D:1      | Reached XP level 1. HP: 13/13 MP: 3/3
    39 | D:1      | Learned a level 1 spell: Magic Dart
   388 | D:1      | Reached XP level 2. HP: 20/20 MP: 1/5
   451 | D:1      | Found Saceudo's Weapon Shop.
   485 | D:1      | Reached skill level 1 in Fighting
   521 | D:1      | Learned a level 2 spell: Scorch
   548 | D:1      | Found a faded altar of an unknown god.
   977 | D:2      | Reached XP level 3. HP: 27/27 MP: 1/6
  1486 | D:2      | Reached XP level 4. HP: 34/34 MP: 3/8
  2004 | D:2      | Noticed Jessica
  2013 | D:2      | Killed Jessica
  2014 | D:2      | Reached skill level 3 in Spellcasting
  2283 | D:2      | Reached XP level 5. HP: 41/41 MP: 5/9
  3124 | D:3      | Reached XP level 6. HP: 48/48 MP: 3/10
  3736 | D:4      | Noticed Eustachio
  3940 | D:5      | Entered Level 5 of the Dungeon
  4100 | D:5      | Reached skill level 5 in Fighting
  4100 | D:5      | Reached XP level 7. HP: 56/56 MP: 6/12
  4240 | D:5      | Found a glowing drain.
  4248 | D:5      | Reached skill level 5 in Fire Magic
  4254 | D:5      | Reached skill level 4 in Spellcasting
  4336 | Sewer    | Entered a sewer
  4341 | Sewer    | Noticed Pargi
  4466 | Sewer    | Killed Pargi
  4749 | D:5      | Found a sparkling altar of Nemelex Xobeh.
  4757 | D:5      | Found a blossoming altar of Fedhas.
  4761 | D:5      | Noticed Ijyb
  4918 | D:5      | Found an opulent altar of Gozag.
  5126 | D:5      | Killed Ijyb
  5127 | D:5      | Reached skill level 1 in Shields
  5127 | D:5      | Reached XP level 8. HP: 62/64 MP: 9/15
  5361 | D:4      | Found Ifedd's General Store.
  5376 | D:4      | Bought a potion of heal wounds for 60 gold pieces
  5376 | D:4      | Bought a scroll of immolation for 42 gold pieces
  5376 | D:4      | Bought a potion of lignification for 36 gold pieces
  5415 | D:4      | Killed Eustachio
  5416 | D:4      | Reached skill level 5 in Spellcasting
  5416 | D:4      | Reached skill level 5 in Conjurations
  6707 | D:6      | Found a shimmering blue altar of Sif Muna.
  7289 | D:6      | Reached skill level 6 in Spellcasting
  7438 | D:6      | Reached XP level 9. HP: 69/69 MP: 7/18
  8142 | D:7      | Found a staircase to the Ecumenical Temple.
  8152 | Temple   | Entered the Ecumenical Temple
  8311 | Temple   | Became a worshipper of Vehumet
  8388 | D:7      | Learned a level 3 spell: Mephitic Cloud
  8888 | D:8      | Noticed a two-headed ogre
  8900 | D:8      | Found a glowing golden altar of the Shining One.
  9249 | D:8      | Learned a level 4 spell: Flame Wave
  9558 | D:4      | Bought a staff of conjuration for 300 gold pieces
  9689 | D:7      | Reached skill level 7 in Spellcasting
  9928 | D:8      | Reached skill level 10 in Conjurations
  9928 | D:8      | Reached XP level 10. HP: 68/76 MP: 0/21
  9966 | D:8      | Reached skill level 8 in Spellcasting
 10724 | D:9      | Noticed a two-headed ogre
 10730 | D:9      | Killed a two-headed ogre
 10843 | D:9      | Found a shadowy altar of Dithmenos.
 11061 | D:9      | Reached * piety under Vehumet
 11061 | D:9      | Offered knowledge of Shock by Vehumet.
 11063 | D:9      | Reached skill level 1 in Air Magic
 11064 | D:9      | Reached skill level 1 in Poison Magic
 11580 | D:9      | Reached skill level 9 in Spellcasting
 11602 | D:9      | Noticed a two-headed ogre
 11730 | D:9      | Killed a two-headed ogre
 11911 | D:9      | Found a staircase to the Orcish Mines.
 12104 | D:9      | Reached skill level 10 in Spellcasting
 12363 | D:9      | Noticed Joseph
 12476 | D:10     | Entered Level 10 of the Dungeon
 12546 | D:10     | Reached XP level 11. HP: 81/81 MP: 20/25
 12686 | D:10     | Found Diyfin's One-of-a-Kind Rings.
 13121 | D:10     | Reached skill level 11 in Spellcasting
 13437 | D:11     | Noticed Snorg
 13441 | D:11     | Noticed a cyclops
 13503 | D:11     | Noticed a boulder beetle
 13586 | D:11     | Noticed Harold
 13635 | D:10     | Learned a level 2 spell: Poisonous Vapours
 13826 | D:11     | Identified the ring "Huimaluc" {rC++ MP+9 Slay-6}
 13835 | D:11     | Killed Harold
 13851 | D:11     | Killed a boulder beetle
 13852 | D:11     | Reached skill level 12 in Spellcasting
 14162 | D:11     | Killed a cyclops
 14327 | D:11     | Reached ** piety under Vehumet
 14327 | D:11     | Offered knowledge of Sandblast by Vehumet.
 14762 | D:11     | Noticed Maurice
 14773 | D:11     | Killed Maurice
 14778 | D:11     | Reached skill level 10 in Fire Magic
 15127 | D:11     | Found a staircase to the Lair.
 15135 | D:11     | Offered knowledge of Frozen Ramparts by Vehumet.
 15136 | D:11     | Reached XP level 12. HP: 78/88 MP: 28/28
 15350 | D:11     | Killed Snorg
 15714 | D:12     | Noticed a boulder beetle
 15733 | D:11     | Killed from afar by a gargoyle

Illustrated notes

Levels and vault maps discovered:
D:1:      heliophobic_arrival_henge, layout_basic, basic_ecumenical_altar,
          serial_shops, nicolae_shop_bloodbath_and_beyond
D:2:      minmay_chambers_of_twos, layout_loops_ring, minmay_small_reverse_x,
          uniq_jessica
D:3:      layout_basic
D:4:      layout_basic, serial_shops, nicolae_diamond_shop, uniq_eustachio
D:5:      layout_cave_pools, mainiacjoe_overflow_large_starburst,
          mainiacjoe_overflow_boulevard, portal_sewer_entry_a,
          serial_column_ruins, column_ruins_circle_medium,
          column_ruins_corridor_straight, column_ruins_columns_straight,
          column_ruins_columns_straight, uniq_ijyb
D:6:      layout_loops_corners, marbit_many_paths
D:7:      layout_basic, minmay_temple_entry_grid
D:8:      layout_loops_corners, mainiacjoe_overflow_tiny_flanked,
          lemuel_flame_loot_1
D:9:      layout_cave_pools, lemuel_round_altar, david_orc_5,
          nicolae_elevator_lobby_plus, uniq_joseph
D:10:     layout_gridville, nicolae_shop_unique_rings
D:11:     layout_loops_ring, erik_lair_dragon, minmay_misc_feat_x, uniq_maurice,
          uniq_snorg, uniq_harold
D:12:     minmay_the_grid_square_5x5_5x5_mashed
          [minmay_the_grid_square_5x5_bridge, minmay_the_grid_square_5x5_mess,
          minmay_the_grid_square_5x5_intrusive_squares,
          minmay_the_grid_square_5x5_seven, minmay_the_grid_square_5x5_c,
          minmay_the_grid_square_5x5_doubleslash,
          minmay_the_grid_square_5x5_prize_itemx,
          minmay_the_grid_square_5x5_minivault,
          minmay_the_grid_square_5x5_prize_junk,
          minmay_the_grid_square_5x5_percent,
          minmay_the_grid_square_5x5_spiral_small,
          minmay_the_grid_square_5x5_tri_point,
          minmay_the_grid_square_5x5_prize_rear_guard,
          minmay_the_grid_square_5x5_three_small,
          minmay_the_grid_square_5x5_checkered_statues,
          minmay_the_grid_square_5x5_three,
          minmay_the_grid_square_5x5_prize_deathbox,
          minmay_the_grid_square_5x5_hollow_slash,
          minmay_the_grid_square_5x5_prize_open,
          minmay_the_grid_square_5x5_two_walls_a,
          minmay_the_grid_square_5x5_forky, minmay_the_grid_square_5x5_detours,
          minmay_the_grid_square_5x5_almost_minimal,
          minmay_the_grid_square_5x5_tetrominoes,
          minmay_the_grid_square_5x5_meh], layout_gridville, serial_rivers,
          chequers_serial_rivers_micro_a, chequers_serial_rivers_small_b,
          chequers_serial_rivers_micro_b, chequers_serial_rivers_micro_b,
          uniq_sonja
Temple:   eino_temple_rhombus

Skill      XL: |  1  2  3  4  5  6  7  8  9 10 11 |
---------------+----------------------------------+-----
Stealth        | 2 |  2.0
Fighting       | 1 2 3 4 5 6 |  6.0
Conjurations   | 2 3 4 7 10 | 10.0
Spellcasting   | 3 4 6 7 10 12 | 12.9
Fire Magic     | 4 5 6 8 10 | 10.7
Shields        | 1 2 |  2.0
Air Magic      | 2 |  2.0
Poison Magic   | 3 |  3.0
Dodging        | |  2.2

Action                   |  1- 3 |  4- 6 |  7- 9 | 10-12 || total
-------------------------+-------+-------+-------+-------++-------
Melee: Unarmed           |     8 |       |       |       ||     8
       Short sword       |    12 |       |       |       ||    12
       Dagger            |       |    13 |    18 |    35 ||    66
       Quarterstaff      |       |       |     1 |       ||     1
       Staff             |       |       |       |     2 ||     2
 Cast: Foxfire           |    53 |    53 |   172 |   202 ||   480
       Magic Dart        |     9 |     1 |       |       ||    10
       Scorch            |     2 |    30 |    57 |    87 ||   176
       Flame Wave        |       |       |     3 |    13 ||    16
       Mephitic Cloud    |       |       |     1 |    10 ||    11
       Poisonous Vapours |       |       |       |    11 ||    11
 Abil: Hop               |     7 |     4 |    15 |    13 ||    39
Evoke: Wand              |       |       |     1 |       ||     1
  Use: Scroll            |       |     4 |     7 |     6 ||    17
       Potion            |       |       |       |     5 ||     5
 Stab: Sleeping          |       |     1 |     2 |     1 ||     4
       Paralysed         |       |       |     4 |       ||     4
       Confused          |       |       |       |     3 ||     3
Armor: Robe              |     8 |     6 |     5 |    26 ||    45
       Skin              |       |       |       |    12 ||    12
Dodge: Dodged            |    30 |    15 |    19 |    47 ||   111
Block: Buckler           |       |       |     4 |    19 ||    23
